 Dungeon Crawl Stone Soup version 0.32-a0-711-g016ad743e0 (webtiles) character file.

Game seed: 2180763175110787063

430557 GloriousHammer the Warrior (level 23, -9/194 HPs)
             Began as a Coglin Artificer on Mar 13, 2024.
             Was the Champion of Yredelemnul.
             Killed by divine providence
             ... invoked by a living spell
             ... summoned by a walking divine tome
              (15 damage)
             ... on level 3 of the Depths on Mar 15, 2024.
             The game lasted 03:57:58 (63681 turns).

GloriousHammer the Warrior (Coglin Artificer)      Turns: 63681, Time: 03:57:59

Health: -9/194     AC: 30    Str: 22    XL:     23   Next: 90%
Magic:  35/35      EV: 15    Int: 13    God:    Yredelemnul [******]
Gold:   4400       SH:  0    Dex: 19    Spells: 10/38 levels left

rFire   + + .        R - +5 trident of the Sun {speed, rElec Will+}
rCold   + + .        C - +9 demon trident (vamp) {Paramjit}
rNeg    . . .        o - +5 chain mail {Will+}
rPois   .            w - +5 hat of Fortitude {Regen+ Dex+5 SInv Stlth-}
rElec   +            L - scarf {rC+ rF+}
rCorr   .            W - +2 pair of gloves {Stlth+}
SInv    +            S - +0 pair of boots
Will    +++..        (amulet unavailable) Stlth
                     (ring unavailable)
HPRegen 1.32/turn    (ring unavailable)
MPRegen 0.24/turn    x - pneumatic neomatrix {rF+ rC+ Clar RMsl}

%: repel missiles, clarity
@: lethally poisoned (-9 -> -48), about to teleport, fragile (+50% incoming
damage), wreathed by umbra, studying Long Blades, revving
A: off-hand wielding, slow wielding, warmup strikes, no jewellery
}: 2/15 runes: decaying, gossamer
a: Renounce Religion, Light the Black Torch, Recall Undead Harvest, Hurl
Torchlight, Bind Soul, Fathomless Shackles


You were on level 3 of the Depths.
You worshipped Yredelemnul.
Yredelemnul was aware of your devotion.
You visited 9 branches of the dungeon, and saw 41 of its levels.
You visited 1 bazaar.
You also visited: Trove, Ossuary, Bailey and Ice Cave.

You collected 5963 gold pieces.
You spent 1563 gold pieces at shops.

Inventory:

Hand Weapons
 a - the +3 demon trident of Bipe {flame, Will+ Stlth+}
   (You found it in a treasure trove)

   Will+:     It increases your willpower.
   Stlth+:    It makes you more stealthy.
 C - a +9 vampiric demon trident (offhand) {Paramjit}
 N - a +1 demon trident of flaming {Raúl}
 R - the +5 trident of the Sun (weapon) {speed, rElec Will+}
   (You took it off a deep elf annihilator on level 3 of the Elven Halls)

   rElec:     It insulates you from electricity.
   Will+:     It increases your willpower.
Missiles
 e - 61 poisoned darts (quivered)
 h - 6 silver javelins
 p - 3 curare-tipped darts
 E - 2 darts of dispersal
 F - 6 javelins
 I - 7 throwing nets
Armour
 o - a +5 chain mail of willpower (worn)
 w - the +5 hat of Fortitude (worn) {Regen+ Dex+5 SInv Stlth-}
   (You acquired it on level 2 of the Vaults)

   Dex+5:     It affects your dexterity (+5).
   SInv:      It lets you see invisible.
   Regen+:    It increases your rate of health regeneration.
   Stlth-:    It makes you less stealthy.
 L - a scarf of resistance (worn)
 S - a +0 pair of boots (worn)
 W - a +2 pair of gloves of stealth (worn)
 Z - the +3 ring mail of Infinity {^Contam rPois rF++ Int+3}
   (You bought it in a shop in a bazaar)

   Int+3:     It affects your intelligence (+3).
   rF++:      It greatly protects you from fire.
   rPois:     It protects you from poison.
   ^Contam:   It causes magical contamination when unequipped.
Gizmo
 x - a pneumatic neomatrix (installed) {rF+ rC+ Clar RMsl}
   (You invented it yourself on level 3 of the Lair of Beasts)

   [pneumatic neomatrix]

   rF+:       It protects you from fire.
   rC+:       It protects you from cold.
   Clar:      It protects you from confusion, rage, mesmerisation and fear.
   RMsl:      It protects you from missiles.
Wands
 c - a wand of flame (48)
 d - a wand of acid (8)
 y - a wand of digging (5)
 B - a wand of polymorph (24)
 D - a wand of warping (36)
 H - a wand of paralysis (19)
 M - a wand of mindburst (17)
Scrolls
 g - 2 scrolls of enchant weapon
 i - a scroll of silence
 m - 2 scrolls of torment
 n - 6 scrolls of enchant armour
 r - 12 scrolls of teleportation
 s - 8 scrolls of fog
 G - a scroll of blinking
 K - 6 scrolls of fear
 O - 10 scrolls of immolation
 P - 8 scrolls of revelation
 X - 5 scrolls of noise
 Y - 2 scrolls of butterflies
Potions
 b - 4 potions of haste
 f - 7 potions of ambrosia
 j - 5 potions of might
 k - 5 potions of resistance
 q - 2 potions of brilliance
 t - a potion of berserk rage
 u - a potion of heal wounds
 v - 5 potions of mutation
 z - 3 potions of lignification
 A - 11 potions of curing
 J - 4 potions of attraction
 Q - 8 potions of enlightenment
 T - 2 potions of invisibility
 U - 2 potions of magic
 V - 3 potions of cancellation
Miscellaneous
 l - a condenser vane


   Skills:
 + Level 19.2 Fighting
 - Level 14.0 Polearms
 + Level 18.0 Armour
 + Level 11.7 Dodging
 - Level 0.7 Stealth
 - Level 8.0 Spellcasting
 - Level 13.4 Summonings
 - Level 11.0 Necromancy
 - Level 10.9 Translocations
 - Level 2.0 Air Magic
 + Level 11.4 Invocations
 + Level 13.2 Evocations


You had 10 spell levels left.
You knew the following spells:

 Your Spells              Type           Power      Damage    Failure   Level
a - Blink                 Tloc           66%        N/A       1%          2
b - Passage of Golubria   Tloc           33%        N/A       4%          4
c - Vhi's Electric Charg  Tloc/Air       44%        N/A       32%         4
d - Martyr's Knell        Necr/Summ      37%        N/A       3%          4
e - Summon Forest         Summ/Tloc      18%        N/A       9%          5
f - Sublimation of Blood  Necr           34%        N/A       1%          2
g - Fugue of the Fallen   Necr           34%        N/A       1%          3
h - Manifold Assault      Tloc           33%        N/A       4%          4

Your spell library contained the following spells:

 Spells                   Type           Power      Damage    Failure   Level
 Necrotise                Necr           100%       1d9       1%          1
 Summon Small Mammal      Summ           100%       N/A       1%          1
 Call Imp                 Summ           80%        N/A       1%          2
 Call Canine Familiar     Summ           40%        N/A       1%          3
 Gell's Gravitas          Tloc           33%        N/A       1%          3
 Teleport Other           Tloc           33%        N/A       1%          3
 Vampiric Draining        Necr           34%        2d8       1%          3
 Summon Ice Beast         Ice/Summ       22%        N/A       9%          3
 Cigotuvi's Dreadful Rot  Necr/Alch/Air  32%        N/A       12%         2
 Curse of Agony           Necr           34%        N/A       14%         5
 Summon Blazeheart Golem  Fire/Summ      22%        N/A       28%         4
 Magic Dart               Conj           20%        1d4       41%         1
 Sting                    Conj/Alch      20%        1d4       41%         1
 Mercury Vapours          Alch/Air       14%        N/A       41%         2
 Static Discharge         Conj/Air       14%        3-4/arc   41%         2
 Dimensional Bullseye     Hex/Tloc       9%         N/A       43%         4
 Iskenderun's Mystic Bla  Conj/Tloc      19%        2d6       43%         4
 Searing Ray              Conj           10%        2d4       56%         2
 Dispersal                Tloc           16%        N/A       61%         6
 Mephitic Cloud           Conj/Alch/Air  6%         N/A       71%         3
 Dazzling Flash           Conj/Hex       10%        N/A       80%         3
 Inner Flame              Hex/Fire       5%         N/A       80%         3
 Ozocubu's Armour         Ice            5%         N/A       80%         3
 Tukima's Dance           Hex            5%         N/A       80%         3
 Summon Hydra             Summ           20%        N/A       83%         7
 Brom's Barrelling Bould  Conj/Erth      5%         2d3       99%         4
 Flame Wave               Conj/Fire      5%         2d5       99%         4
 Fulminant Prism          Conj/Alch      2%         3d5       99%         4
 Ignite Poison            Fire/Alch      5%         N/A       99%         4
 Leda's Liquefaction      Alch/Erth      2%         N/A       99%         4
 Olgreb's Toxic Radiance  Alch           5%         N/A       99%         4
 Sticky Flame             Fire/Alch      5%         2d4       99%         4
 Arcjolt                  Conj/Air       3%         1d13      100%        5
 Fireball                 Conj/Fire      2%         3d4       100%        5
 Freezing Cloud           Conj/Ice/Air   3%         6-21      100%        5
 Iskenderun's Battlesphe  Conj           5%         2d6       100%        5
 Lee's Rapid Deconstruct  Erth           2%         3d5*      100%        5
 Silence                  Hex/Air        3%         N/A       100%        5
 Bombard                  Conj/Erth      2%         9d1       100%        6
 Conjure Ball Lightning   Conj/Air       3%         3x3d6     100%        6
 Eringya's Noxious Bog    Alch           2%         4d6       100%        6
 Permafrost Eruption      Ice/Erth       2%         2x4d2     100%        6
 Plasma Beam              Fire/Air       3%         2x1d13    100%        6
 Sculpt Simulacrum        Ice/Alch       2%         N/A       100%        6
 Orb of Destruction       Conj           2%         9d5       100%        7
 Ozocubu's Refrigeration  Ice            2%         4d8       100%        7
 Spellforged Servitor     Conj/Summ      11%        N/A       100%        7
 Borgnjor's Revivificati  Necr           17%        N/A       100%        8
 Lehudib's Crystal Spear  Conj/Erth      2%         10d2      100%        8
 Summon Horrible Things   Summ           20%        N/A       100%        8
 Chain Lightning          Conj/Air       3%         3d4       100%        9
 Fire Storm               Conj/Fire      2%         8d1       100%        9
 Polar Vortex             Ice            2%         N/A       100%        9
 Shatter                  Erth           2%         3d6*      100%        9


Dungeon Overview and Level Annotations

Branches:
Dungeon (15/15)            Temple (1/1) D:7            Lair (5/5) D:11
  Swamp (4/4) Lair:3       Spider (4/4) Lair:2        Slime (0/5) Lair:5
    Orc (2/2) D:12            Elf (3/3) Orc:2        Vaults (4/5) D:14
  Crypt (0/3) Vaults:2     Depths (3/4) D:15        Ossuary (visited)
 Bailey (visited)           IceCv (visited)

Altars:
Ashenzari
Cheibriados
Dithmenos
Elyvilon
Fedhas
Gozag
Hepliaklqana
Kikubaaqudgha
Makhleb
Nemelex Xobeh
Okawaru
Qazlal
Ru
Sif Muna
Trog
Uskayaw
Vehumet
Wu Jian
Xom
Yredelemnul
Zin
The Shining One

Shops:
D:11 *   D:12 ([   Orc:1 (   Orc:2 (**:*   Elf:3 (   Vaults:2 (*

Portals:
Hell: Depths:1 Depths:2 Depths:3
Abyss: Depths:3
Pandemonium: Depths:2
Ziggurat: Depths:3

Annotations:
Vaults:1 angel in a dig bvault


Innate Abilities, Weirdness & Mutations

You can wield a second weapon in your off-hand.
It takes a long time for you to wield or remove held weapons.
Your first few attacks do less damage.
You cannot equip rings or amulets.


Message History

You reach to attack!
You puncture the spriggan with your +9 vampiric demon trident!
You feel better.
You kill the spriggan!
Their soul becomes fuel for the torch.
The glass eye gazes at you.
You feel your fragility will last longer.
The walking divine tome hits your ice dragon zombie.
The iron dragon bites your ice dragon zombie.
The iron dragon claws your ice dragon zombie!
The iron dragon tramples your ice dragon zombie.
Your ice dragon zombie holds its ground!
Your ice dragon zombie bites the iron dragon but does no damage.
Your ice dragon zombie barely misses the iron dragon.
Your ice dragon zombie closely misses the iron dragon.
You reach to attack!
You hit the iron dragon but do no damage.
The iron dragon is lightly wounded.
You hit the iron dragon but do no damage.
Your hornet zombie hits the tengu reaver.
Reach: R) +5 trident of the Sun {speed, rElec Will+}
Press: ? - help, Dir - move target, f - walking divine tome, p - iron dragon
Aim: a walking divine tome (ally target, umbra, about 13% to evade the +5 trident of the Sun)
You could not reach far enough!
The glass eye gazes at you.
You feel your fragility will last longer.
The walking divine tome erupts in a flurry of living spells!
The iron dragon bites your ice dragon zombie!
The iron dragon claws your ice dragon zombie!
The iron dragon tramples your ice dragon zombie!
Your ice dragon zombie holds its ground!
Your ice dragon zombie bites the iron dragon but does no damage.
Your ice dragon zombie claws the iron dragon but does no damage.
Your ice dragon zombie tramples the iron dragon but does no damage.
Reach: R) +5 trident of the Sun {speed, rElec Will+}
Press: ? - help, Dir - move target, f/p - walking divine tome
Aim: a walking divine tome (ally target, umbra, about 13% to evade the +5 trident of the Sun)
You reach to attack!
You hit the walking divine tome with the +5 trident of the Sun.
The walking divine tome is lightly damaged.
You impale the walking divine tome with your +9 vampiric demon trident!!
Reach: R) +5 trident of the Sun {speed, rElec Will+}
Press: ? - help, Dir - move target, f/p - walking divine tome
Aim: a walking divine tome (moderately damaged, ally target, umbra, about 13% to evade the +5 trident of the Sun)
You could not reach far enough!
The glass eye gazes at you.
You feel your fragility will last longer.
The tengu reaver casts a spell at you.
The bolt of poison hits your juggernaut zombie.
Your juggernaut zombie completely resists.
The bolt of poison hits you!
You are poisoned.
Your hornet zombie misses the tengu reaver.
The walking divine tome hits your ice dragon zombie!
The living spell casts itself at you. Something smites you!
Reach: R) +5 trident of the Sun {speed, rElec Will+}
Press: ? - help, Dir - move target, f/p - walking divine tome
Aim: a walking divine tome (moderately damaged, ally target, umbra, about 13% to evade the +5 trident of the Sun)
You could not reach far enough!
You feel very sick.
Your juggernaut zombie hits the tengu reaver!
Your juggernaut zombie hits the tengu reaver!!
The iron dragon bites your ice dragon zombie!!
Your ice dragon zombie is destroyed!
Your hornet zombie hits the tengu reaver!
Reach: R) +5 trident of the Sun {speed, rElec Will+}
Press: ? - help, Dir - move target, f/p - walking divine tome
Aim: a walking divine tome (moderately damaged, ally target, umbra, about 13% to evade the +5 trident of the Sun)
You could not reach far enough!
You feel sick.
The walking divine tome erupts in a flurry of living spells!
The tengu reaver hits you from afar with a +1 bardiche of flaming.
The living spell casts itself at you. Something smites you!
Reach: R) +5 trident of the Sun {speed, rElec Will+}
Press: ? - help, Dir - move target, f/p - walking divine tome
Aim: a walking divine tome (moderately damaged, ally target, umbra, about 13% to evade the +5 trident of the Sun)
Okay, then.
As you read the scroll of teleportation, it crumbles to dust.
You feel strangely unstable.
You feel very sick.
Your hornet zombie closely misses the tengu reaver.
Your spriggan defender zombie hits the iron dragon but does no damage.
The iron dragon bites your spriggan defender zombie!!
The iron dragon completely misses your spriggan defender zombie.
The iron dragon tramples your spriggan defender zombie!!
Your spriggan defender zombie holds its ground!
The tengu reaver casts a spell at you.
The bolt of poison hits your juggernaut zombie.
Your juggernaut zombie completely resists.
The bolt of poison hits you!!!
You are more poisoned.
* * * LOW HITPOINT WARNING * * *
The walking divine tome completely misses your spriggan defender zombie.
Your hornet zombie hits the tengu reaver.
Your spriggan defender zombie hits the iron dragon but does no damage.
The living spell casts itself at you. Something smites you!
You die...
Your body rises from the dead as a mindless zombie.

....'....# ...#.. ....'..'### .#
.# *.###' ....###'..# '##### ''#
#.Z' #.⌠..#....## +'....##...
##Z.Z #....##)...###.....''.
##.... #.....'))≈§.##..G..Z'
##..... ##....)#)≈⌠§.###;DQ#
###Z)...#
.#.....##.§§...#ZZ#######......##
.##....###§.§..#@**.....#.....###
.^##..')###.).''....ß...''...###'
.≈.###('..###.#..........#.###..'
.§≈§###.....###..........###.....
..§≈.##.......############.......
#..≈≈.##...........##.......~...#
##∩.ß≈.##....ß.....''....~)~~..##
##..≈≈.###........''...~~...###.
##......####.....##.....####...


You could see an iron dragon (ally target), a walking divine tome (ally target),
a tengu reaver (repels missiles, ally target), a glass eye, 2 living smiting
commandments, a friendly hornet zombie, a friendly spriggan defender zombie and
a friendly juggernaut zombie.

Vanquished Creatures
  2 juggernauts (Depths:3)
  Josephina (Depths:2)
  Boris (Vaults:4)
  the Lernaean hydra (Swamp:4)
  The ghost of Kobesyp the Devastator, a veteran DsAl of Vehumet (Depths:1)
  A golden dragon (Depths:3)
  A tentacled monstrosity (Depths:3)
  Jorgrun (Swamp:2)
  A walking earthen tome (Depths:3)
  2 liches
  2 deep elf master archers (Elf:3)
  A quicksilver dragon (Depths:3)
  2 deep elf blademasters (Elf:3)
  2 sphinxes
  Frances (Swamp:1)
  2 thorn hunters
  A storm dragon (Depths:3)
  The ghost of scarr the Thaumaturge, an adept DrEE of Sif Muna (Swamp:2)
  Aizul (Swamp:3)
  Roxanne (Elf:3)
  A shadow dragon (Depths:2)
  A fenstrider witch (Swamp:4)
  2 fire giants (Depths:3)
  3 frost giants
  4 deep elf sorcerers (Elf:3)
  7 deep elf elementalists
  5 ghost moths
  An emperor scorpion (Spider:1)
  2 spectral caustic shrikes (Depths:1)
  7 vault wardens
  3 spriggan defenders
  3 broodmothers
  8 stone giants
  A ghoul (Swamp:3)
  2 orc warlords
  15 ironbound preservers
  3 ironbound thunderhulks
  9 very ugly things
  2 vampire knights
  6 deep elf demonologists
  10 deep elf death magi
  A white draconian (IceCv)
  2 eleionomae
  6 deep elf annihilators (Elf:3)
  3 spark wasps
  6 dire elephants
  2 ettins
  4 fire dragons
  2 entropy weavers
  2 deep elf high priests (Elf:3)
  A peacekeeper (Vaults:3)
  5 great orbs of eyes
  7 hydras
  A rakshasa (Depths:1)
  2 yaktaur captains
  10 ice dragons
  4 spriggan air magi
  3 jorogumos
  9 centaur warriors
  3 ghost crabs (Swamp:3)
  10 ironbound frosthearts
  6 boulder beetles
  A catoblepas (Lair:4)
  4 ogre magi
  4 vault guards
  An anaconda (Lair:4)
  6 alligators
  27 dancing weapons
  12 two-headed ogres
  A death yak (Lair:3)
  2 death knights
  6 tengu warriors
  A deep troll shaman (Depths:1)
  3 demonic crawlers
  Urug (Lair:3)
  15 deep elf knights
  An occultist (Depths:2)
  A shadow wraith (D:14)
  15 hell knights
  7 spriggan berserkers
  2 goliath frogs (Swamp:3)
  A flayed ghost (Depths:3)
  An iron troll (Depths:1)
  3 pharaoh ants
  3 swamp dragons (Swamp:4)
  2 spriggan druids
  10 orb spiders
  4 skeletal warriors
  2 glowing orange brains
  A sun moth (Spider:4)
  3 deep elf archers
  3 arcanists
  6 thermic dynamos
  40 deep trolls
  3 lindwurms (Vaults:2)
  5 harpies (Vaults:1)
  6 steelbarb worms
  9 ironbound convokers
  16 deep elf pyromancers
  23 deep elf zephyrmancers
  3 bog bodies
  A phantasmal warrior (Depths:3)
  The ghost of Shayle the Trooper, a novice CoAl (D:6)
  An orc knight (Vaults:3)
  3 cyclopes
  4 necromancers
  11 wolf spiders
  24 ugly things
  4 elf skeletons
  5 moths of wrath
  3 will-o-the-wisps
  A moth of wrath (shapeshifter) (Elf:2)
  A shadow dragon skeleton (Vaults:2)
  An elephant (shapeshifter) (Depths:2)
  3 manticores
  A stone giant skeleton (Vaults:2)
  21 elephants
  An ice statue (IceCv)
  5 torpor snails (Lair:3)
  16 vault sentinels
  6 black mambas
  A gargoyle (D:12)
  A storm dragon simulacrum (Depths:2)
  9 cane toads
  3 komodo dragons
  12 yaktaurs
  3 rime drakes (IceCv)
  4 tengu conjurers
  2 human skeletons
  Psyche (D:11)
  An ice devil (Orc:2)
  An efreet (D:13)
  A freezing wraith (D:15)
  A yaktaur skeleton (Vaults:2)
  4 trolls
  A queen bee (shapeshifter) (D:14)
  A bloated husk (Swamp:2)
  6 polar bears
  A nameless horror (Spider:2)
  3 glass eyes (Depths:3)
  21 tarantellas
  2 tyrant leeches
  7 hornets
  11 blink frogs
  A dream sheep (Lair:5)
  A frost giant simulacrum (Depths:2)
  10 culicivoras
  Sigmund (D:2)
  3 ettin skeletons (Vaults:2)
  17 slime creatures
  15 spriggans
  A spriggan (shapeshifter) (D:15)
  7 jumping spiders
  3 wyverns
  A spriggan skeleton (Depths:1)
  A vampire (D:7)
  41 yaks
  3 wraiths
  3 water elementals
  3 basilisks
  2 wargs
  An elf zombie (Elf:3)
  28 redbacks
  5 vampire mosquitoes
  A steam dragon (D:8)
  3 swamp worms
  An acid dragon (D:12)
  9 water moccasins
  2 swamp drakes (Swamp:4)
  2 hell hounds (Spider:3)
  2 glowing shapeshifter skeletons
  An ogre skeleton (Vaults:2)
  3 sky beasts
  15 orc warriors
  4 black bears
  6 laughing skulls
  31 ogres
  A boggart (Lair:5)
  17 wolves
  6 centaurs
  A lemure (D:7)
  Blork the orc (D:4)
  2 kobold brigands
  An earth elemental (Elf:3)
  5 weeping skulls (D:8)
  8 bullfrogs
  5 gnoll sergeants
  3 scorpions
  A burial acolyte (Ossuary)
  10 wights
  22 killer bees
  A lindwurm simulacrum (IceCv)
  2 howler monkeys
  4 centaur zombies
  2 komodo dragon simulacra (IceCv)
  A crimson imp (D:5)
  3 human zombies
  3 bombardier beetles
  4 hounds
  7 orc priests
  Crazy Yiuf (D:2)
  2 spectral scorpions (Ossuary)
  Ijyb (D:4)
  Terence (D:3)
  2 iguanas
  A sleepcap (D:6)
  Natasha (thrice) (D:4)
  10 orc wizards
  5 hell rats (Lair:3)
  2 killer bee zombies (D:8)
  3 hound zombies (Ossuary)
  5 mummies
  30 gnolls
  2 acid dragon simulacra (IceCv)
  4 adders
  2 river rats (D:6)
  A shadow imp (D:7)
  2 ufetubi (D:7)
  4 steam dragon simulacra (IceCv)
  10 adder zombies (Ossuary)
  2 dart slugs
  A ribbon worm (D:2)
  34 orcs
  7 ball pythons
  A bat skeleton (D:2)
  A bat zombie (D:2)
  4 endoplasms
  A giant cockroach (D:3)
  26 goblins
  20 hobgoblins
  3 jackals (D:3)
  16 kobolds
  2 quokkas
  5 ball python zombies (Ossuary)
  4 bats
  3 frilled lizards
  2 jackal zombies (Ossuary)
  A kobold zombie (Ossuary)
  3 orc zombies (Ossuary)
  7 rats
1245 creatures vanquished.

Vanquished Creatures (collateral kills)
  Arachne (Spider:2)
  A tentacled monstrosity (Depths:2)
  The ghost of jejorda2 the Warrior, an adept CoBe of Trog (Spider:4)
  A searing wretch (Depths:3)
  An ancient champion (Vaults:2)
  Gastronok (Lair:2)
  A tengu reaver (Depths:3)
  A fire giant (Depths:2)
  2 vault wardens (Vaults:2)
  A deep elf sorcerer (Elf:3)
  2 iron dragons (Depths:3)
  A spectral caustic shrike (Depths:1)
  A broodmother (Spider:4)
  3 ironbound preservers
  7 very ugly things
  4 stone giants
  2 spriggan defenders (Depths:2)
  2 ironbound thunderhulks
  A vampire knight (Depths:3)
  5 eleionomae
  A deep elf annihilator (Elf:3)
  A bunyip (Swamp:1)
  4 dire elephants (Vaults:1)
  A fire dragon (Depths:3)
  A deep elf high priest (Depths:3)
  An ettin (Depths:1)
  3 yaktaur captains
  3 rakshasas
  Harold (Lair:1)
  2 entropy weavers (Spider:2)
  A shambling mangrove (Swamp:3)
  A great orb of eyes (Vaults:2)
  Erolcha (Orc:1)
  A vault guard (Vaults:2)
  An ice dragon (Depths:2)
  An ogre mage (Orc:2)
  4 ghost crabs (Swamp:3)
  11 hydras
  7 centaur warriors
  9 alligators
  A spriggan air mage (Depths:2)
  An ironbound frostheart (Vaults:4)
  A dancing weapon (Elf:2)
  4 boulder beetles
  3 deep troll shamans (Depths:2)
  A deep troll earth mage (Depths:2)
  2 tengu warriors (Depths:3)
  2 demonic crawlers (Spider:1)
  An occultist (Depths:3)
  Nergalle (Orc:1)
  An iron troll (Depths:2)
  A spriggan berserker (Depths:1)
  5 hell knights
  A skeletal warrior (D:14)
  7 goliath frogs
  A spriggan rider (Swamp:2)
  3 pharaoh ants
  16 swamp dragons
  2 glowing orange brains
  3 spriggan druids
  4 bog bodies
  15 deep trolls
  5 orb spiders
  A deep elf archer (Elf:2)
  A thermic dynamo (Elf:3)
  2 lindwurms (Vaults:2)
  2 necromancers
  2 ironbound convokers
  2 harpies (Vaults:1)
  A phantasmal warrior (Depths:3)
  A sphinx simulacrum (Depths:2)
  A frost giant zombie (Depths:1)
  5 ugly things
  7 deep elf pyromancers
  3 deep elf zephyrmancers (Elf:2)
  2 steelbarb worms
  A shining eye (shapeshifter) (Vaults:1)
  2 orc knights
  4 wolf spiders
  A cyclops (D:11)
  2 orc sorcerers (Orc:1)
  6 will-o-the-wisps
  14 elephants
  A moth of wrath (Spider:4)
  An ice statue (IceCv)
  A torpor snail (Spider:1)
  An orange demon (Lair:3)
  2 vault sentinels
  A human zombie (Vaults:4)
  3 cane toads
  2 unseen horrors
  3 rime drakes
  An ice devil (Orc:2)
  3 yaktaurs
  An efreet (D:12)
  5 komodo dragons
  A tengu conjurer (D:15)
  A golden dragon simulacrum (Depths:2)
  15 hornets
  A troll (D:12)
  7 tyrant leeches
  5 blink frogs
  2 polar bears (Lair:5)
  A glass eye (Depths:2)
  10 tarantellas
  6 slime creatures
  8 culicivoras
  2 air elementals
  An ettin skeleton (Vaults:4)
  15 jumping spiders
  31 yaks
  11 spriggans
  2 wraiths
  4 fire elementals
  2 basilisks (Lair:4)
  2 wargs
  16 redbacks
  6 vampire mosquitoes
  7 swamp worms
  5 water moccasins
  2 hell hounds (Spider:3)
  4 swamp drakes (Swamp:4)
  8 orc warriors
  8 ogres
  13 wolves
  2 boggarts (Lair:5)
  6 centaurs
  4 bullfrogs
  An earth elemental (Elf:1)
  3 human skeletons
  A killer bee (D:10)
  4 lindwurm simulacra (IceCv)
  A howler monkey (D:13)
  2 komodo dragon simulacra (IceCv)
  3 orc priests
  6 orc wizards
  2 gnolls
  An acid dragon simulacrum (IceCv)
  5 steam dragon simulacra (IceCv)
  16 orcs
  A hobgoblin (Bailey)
  A kobold (D:6)
515 creatures vanquished.

Vanquished Creatures (others)
  Asterion (Spider:3)
  A deep elf sorcerer (Elf:3)
  3 very ugly thing zombies
  A quicksilver dragon zombie (Depths:3)
  A shambling mangrove (Swamp:3)
  A spectral angel (Depths:3)
  2 spectral humans
  An alligator (Swamp:2)
  A sphinx zombie (Vaults:3)
  2 spectral broodmothers
  A guardian serpent zombie (Swamp:3)
  A spectral efreet (Spider:3)
  A spectral centaur (Orc:2)
  Pikel (D:7)
  3 deep elf zephyrmancers
  2 deep elf pyromancers
  2 ugly thing zombies
  2 wolf spider zombies (Spider:4)
  A broodmother zombie (Spider:4)
  5 alligator zombies
  2 fire giant zombies (Depths:3)
  2 frost giant zombies (Depths:3)
  4 stone giant zombies
  2 eleionoma zombies
  A dire elephant zombie (Vaults:1)
  7 centaur zombies
  4 swamp worm zombies
  5 spectral elves
  11 redback zombies
  2 orb spider zombies
  3 harpy zombies (Vaults:1)
  A spectral demonspawn (Lair:5)
  2 hydra zombies
  6 bloated husks
  A demonic crawler zombie (Spider:3)
  A shadow dragon simulacrum (Depths:2)
  3 moth of wrath zombies
  5 jumping spider zombies
  A boulder beetle zombie (Vaults:2)
  A glass eye (Depths:1)
  A fire dragon zombie (Depths:3)
  5 ice dragon zombies
  A jumping spider (Spider:3)
  4 culicivora zombies
  7 tarantella zombies
  2 black mamba zombies
  A spectral ogre (D:15)
  An ettin zombie (D:15)
  A yak (D:8)
  4 slime creature zombies
  9 spriggan zombies
  A redback (Spider:3)
  9 deep troll zombies
  6 two-headed ogre zombies (Orc:2)
  4 cane toad zombies
  A manticore zombie (D:15)
  3 blink frog zombies
  35 elf zombies
  2 lindwurm zombies (Vaults:2)
  6 swamp dragon zombies
  6 hornet zombies
  6 elephant zombies
  29 human zombies
  A torpor snail zombie (Lair:3)
  A komodo dragon zombie (Lair:5)
  6 yaktaur zombies
  2 cyclops zombies
  2 hell hound zombies (Spider:3)
  3 water moccasin zombies
  7 yak zombies
  4 tengu zombies
  7 wolf zombies
  4 bullfrog zombies
  A basilisk zombie (D:15)
  An orc priest (D:4)
  2 boggart zombies (Lair:5)
  3 killer bee zombies (D:9)
  18 ogre zombies
  4 hell rat zombies (Lair:3)
  2 gnolls (D:6)
  A swamp drake zombie (Swamp:4)
  A shadow imp (D:5)
  7 orc zombies
  2 orcs
  A kobold zombie (D:9)
  32 foxfires
  2 snaplasher vines (Elf:2)
  A spectral weapon (Elf:3)
356 creatures vanquished.

Grand Total: 2116 creatures vanquished

Notes
Turn   | Place    | Note
-------+----------+-------------------------------------------
     0 | D:1      | GloriousHammer the Coglin Artificer began the quest for the
                  | Orb.
     0 | D:1      | Reached XP level 1. HP: 15/15 MP: 1/1
   105 | D:1      | Reached skill level 1 in Dodging
   205 | D:1      | Reached XP level 2. HP: 20/21 MP: 2/2
   707 | D:2      | Reached XP level 3. HP: 26/26 MP: 3/3
   725 | D:2      | Found a runed translucent door.
   726 | D:2      | Noticed Crazy Yiuf
  1133 | D:2      | Noticed Sigmund
  2080 | D:3      | Noticed Terence
  2125 | D:3      | Reached XP level 4. HP: 33/33 MP: 4/4
  2149 | D:3      | Killed Terence
  2150 | D:3      | Reached skill level 2 in Fighting
  2742 | D:4      | Noticed Blork the orc
  2744 | D:4      | Killed Blork the orc
  2744 | D:4      | Noticed Ijyb
  2745 | D:4      | Reached skill level 5 in Evocations
  2745 | D:4      | Reached XP level 5. HP: 39/39 MP: 5/5
  2762 | D:4      | Killed Ijyb
  2827 | D:4      | Noticed an ogre
  2833 | D:4      | Killed an ogre
  2834 | D:4      | Reached skill level 3 in Fighting
  2834 | D:4      | Reached XP level 6. HP: 47/47 MP: 6/6
  2869 | D:4      | You fall into a shaft and drop 2 floors!
  2915 | D:5      | Entered Level 5 of the Dungeon
  3164 | D:4      | Found an iron altar of Okawaru.
  3245 | D:4      | Noticed Natasha
  3253 | D:4      | Killed Natasha
  3282 | D:4      | Reached XP level 7. HP: 52/52 MP: 7/7
  3403 | D:4      | Reached skill level 1 in Polearms
  3595 | D:4      | Noticed Natasha
  3622 | D:4      | Killed Natasha
  3887 | D:4      | Noticed Natasha
  3896 | D:4      | Killed Natasha
  4034 | D:4      | Found an iron altar of Okawaru.
  5093 | D:5      | Found a burning altar of Makhleb.
  5094 | D:5      | Found a radiant altar of Vehumet.
  5132 | D:5      | Reached XP level 8. HP: 40/58 MP: 8/8
  5797 | D:6      | Found a runed translucent door.
  5798 | D:6      | Noticed Shayle's ghost (novice CoAl)
  5887 | D:6      | Found a runed translucent door.
  6354 | D:7      | Found a sand-covered staircase.
  6362 | Ossuary  | Entered an ossuary
  6444 | Ossuary  | Reached skill level 5 in Armour
  6484 | Ossuary  | Learned a level 2 spell: Blink
  6529 | Ossuary  | Reached skill level 5 in Polearms
  6539 | Ossuary  | Reached XP level 9. HP: 55/64 MP: 9/9
  6730 | Ossuary  | Reached skill level 1 in Translocations
  6740 | Ossuary  | Reached skill level 4 in Fighting
  6804 | D:7      | Noticed Pikel
  6827 | D:7      | Your ally Pikel died
  6828 | D:7      | Reached skill level 1 in Spellcasting
  7449 | D:7      | Found a staircase to the Ecumenical Temple.
  7519 | Temple   | Entered the Ecumenical Temple
  8131 | D:2      | Killed Sigmund
  8262 | D:2      | Killed Crazy Yiuf
  8613 | D:8      | Reached skill level 5 in Fighting
  8624 | D:7      | Reached XP level 10. HP: 29/74 MP: 13/13
  9047 | D:8      | Found a flagged portal.
  9060 | Bailey   | Entered a bailey
  9817 | Bailey   | Noticed an orc warlord
  9831 | Bailey   | Killed an orc warlord
 10120 | Bailey   | Reached skill level 6 in Fighting
 10241 | Bailey   | Reached skill level 7 in Fighting
 10241 | Bailey   | Reached skill level 5 in Translocations
 10241 | Bailey   | Reached XP level 11. HP: 84/84 MP: 15/18
 10852 | D:8      | Found a basalt altar of Yredelemnul.
 10859 | D:8      | Became a worshipper of Yredelemnul the Fallen
 10983 | D:8      | Reached skill level 5 in Spellcasting
 11297 | D:9      | Found a hide-covered altar of Uskayaw.
 11321 | D:9      | Reached XP level 12. HP: 79/91 MP: 19/19
 11738 | D:9      | Found the +5 woodcutter's axe
 11847 | D:9      | Reached * piety under Yredelemnul
 11856 | D:9      | Reached skill level 1 in Invocations
 11975 | D:10     | Entered Level 10 of the Dungeon
 11980 | D:10     | Reached skill level 10 in Polearms
 12702 | D:10     | Noticed a two-headed ogre
 12710 | D:10     | Killed a two-headed ogre
 12711 | D:10     | Reached skill level 8 in Fighting
 12720 | D:10     | Reached ** piety under Yredelemnul
 12724 | D:10     | Found a sparkling altar of Nemelex Xobeh.
 13179 | D:6      | Killed Shayle's ghost
 13685 | D:11     | Noticed Psyche
 13693 | D:11     | Killed Psyche
 14090 | D:11     | Found a staircase to the Lair.
 14118 | D:11     | Found Giaceiz's General Store.
 14126 | D:11     | Bought a scroll of revelation for 112 gold pieces
 14244 | Lair:1   | Entered Level 1 of the Lair of Beasts
 14282 | Lair:1   | Noticed Harold
 14291 | Lair:1   | Killed Harold
 14677 | Lair:1   | Reached XP level 13. HP: 99/99 MP: 20/20
 14678 | Lair:1   | Your ally Harold died
 14693 | Lair:1   | Reached *** piety under Yredelemnul
 15570 | Lair:2   | Noticed Gastronok
 15588 | Lair:2   | Reached skill level 9 in Fighting
 15600 | Lair:2   | Killed Gastronok
 16567 | Lair:2   | Found a hole to the Spider Nest.
 17143 | Lair:3   | Reached skill level 5 in Dodging
 17145 | Lair:3   | Found a snail-covered altar of Cheibriados.
 17464 | Lair:3   | Noticed Urug
 17474 | Lair:3   | Killed Urug
 17475 | Lair:3   | Reached XP level 14. HP: 82/109 MP: 21/21
 17547 | Lair:3   | Acquired a pneumatic neomatrix {rF+ rC+ Clar RMsl}
 17657 | Lair:3   | Reached skill level 5 in Invocations
 17839 | Lair:3   | Reached **** piety under Yredelemnul
 18020 | Lair:3   | Found a staircase to the Swamp.
 18212 | Lair:3   | Reached skill level 10 in Fighting
 18274 | Lair:3   | Noticed Amaemon
 18282 | Lair:3   | Killed Amaemon
 18282 | Lair:3   | Bound Amaemon
 18499 | Lair:4   | Reached skill level 10 in Armour
 19840 | Lair:5   | Entered Level 5 of the Lair of Beasts
 20018 | Lair:5   | Reached ***** piety under Yredelemnul
 20244 | Lair:5   | Reached XP level 15. HP: 117/117 MP: 22/22
 20349 | Lair:5   | Reached skill level 11 in Fighting
 20369 | Lair:5   | Your ally Amaemon died
 20805 | Lair:5   | Found a staircase to the Slime Pits.
 21017 | Lair:5   | Noticed Nessos
 21029 | Lair:5   | Killed Nessos
 21029 | Lair:5   | Bound Nessos
 21605 | D:12     | Found Roopp's Weapon Emporium.
 21607 | D:12     | Found a staircase to the Orcish Mines.
 21608 | D:12     | Found Xaopuudi's Armour Emporium.
 23086 | Orc:1    | Entered Level 1 of the Orcish Mines
 23136 | Orc:1    | Paralysed by an orc sorcerer for 5 turns
 23162 | Orc:1    | Noticed Nergalle
 23177 | Orc:1    | Killed Nergalle
 23422 | Orc:1    | Noticed Erolcha
 23425 | Orc:1    | Killed Erolcha
 23445 | Orc:1    | Found Uxtoett's Antique Weapon Boutique.
 23624 | Orc:2    | Entered Level 2 of the Orcish Mines
 23656 | Orc:2    | Reached ****** piety under Yredelemnul
 23780 | Orc:2    | Found Ebofin's Weapon Emporium.
 23798 | Orc:2    | Found a frozen archway.
 23833 | IceCv    | Entered an ice cave
 24376 | IceCv    | Identified the +9 hand axe of Plague {freeze, rN+ Int+2}
 24805 | Orc:2    | Found Itauniri's General Store.
 24805 | Orc:2    | Found Aguf's Book Emporium.
 24805 | Orc:2    | Found Iwoduod's Assorted Antiques.
 24805 | Orc:2    | Found Haun's Assorted Antiques.
 24841 | Orc:2    | Reached XP level 16. HP: 71/127 MP: 21/23
 24849 | Orc:2    | Reached skill level 12 in Fighting
 24850 | Orc:2    | Your ally Nessos died
 25123 | Orc:2    | Bought a scroll of identify for 62 gold pieces
 25123 | Orc:2    | Bought a scroll of identify for 62 gold pieces
 25133 | Orc:2    | Bought a scroll of identify for 62 gold pieces
 25135 | Orc:2    | Bought a scroll of blinking for 232 gold pieces
 25328 | Orc:2    | Found a staircase to the Elven Halls.
 25745 | D:14     | Noticed Lodul
 25768 | D:14     | Killed Lodul
 25768 | D:14     | Bound Lodul
 26210 | D:14     | Reached skill level 10 in Evocations
 27221 | D:14     | Found a gate to the Vaults.
 27369 | D:15     | Entered Level 15 of the Dungeon
 27398 | D:15     | Found a staircase to the Depths.
 27687 | D:15     | Your ally Lodul died
 28533 | D:15     | Learned a level 4 spell: Passage of Golubria
 28538 | D:15     | Learned a level 4 spell: Vhi's Electric Charge
 28544 | D:15     | Learned a level 4 spell: Martyr's Knell
 28788 | Swamp:1  | Entered Level 1 of the Swamp
 28792 | Swamp:1  | Reached skill level 13 in Fighting
 28811 | Swamp:1  | Reached skill level 1 in Summonings
 28811 | Swamp:1  | Reached skill level 1 in Necromancy
 29051 | Swamp:1  | Reached XP level 17. HP: 117/136 MP: 24/24
 29489 | Swamp:1  | Noticed Donald
 29490 | Swamp:1  | Noticed Frances
 29503 | Swamp:1  | Killed Donald
 29503 | Swamp:1  | Bound Donald
 29506 | Swamp:1  | Killed Frances
 30001 | Swamp:2  | Noticed Jorgrun
 30012 | Swamp:2  | Killed Jorgrun
 30019 | Swamp:2  | Found a transporter.
 30020 | Swamp:2  | Noticed scarr's ghost (adept DrEE)
 30031 | Swamp:2  | Found a transporter.
 30226 | Swamp:2  | Found a bloodstained altar of Trog.
 30918 | Swamp:3  | Identified the storm talisman of Henedyos {rN+ Str-4 SInv
                  | Stlth+}
 31307 | Swamp:3  | Identified the serpent talisman of the Valley of Death
                  | {*Corrode Fly rC+++ Stlth-}
 31307 | Swamp:3  | Noticed Aizul
 31322 | Swamp:3  | Killed Aizul
 31550 | Swamp:3  | Your ally Aizul died
 32400 | Swamp:2  | Reached skill level 5 in Necromancy
 32721 | Orc:2    | Bought 2 potions of curing for 186 gold pieces
 33256 | Swamp:3  | Reached skill level 5 in Summonings
 33870 | Swamp:3  | Identified the ring "Joacku" {rCorr Int+2 Dex+7}
 34005 | Swamp:4  | Entered Level 4 of the Swamp
 34031 | Swamp:4  | Reached skill level 14 in Fighting
 34150 | Swamp:4  | Reached XP level 18. HP: 130/146 MP: 28/28
 35069 | Swamp:4  | Noticed the 27-headed Lernaean hydra
 35076 | Swamp:4  | Your ally Donald died
 35089 | Swamp:4  | Killed the 27-headed Lernaean hydra
 35368 | Swamp:4  | Got a decaying rune of Zot
 35668 | Lair:2   | Upgraded the game from 0.32-a0-699-g1ee5eff69a to
                  | 0.32-a0-705-g60f233581c
 35829 | Orc:2    | Bought a Fen Folio for 714 gold pieces
 35835 | Orc:2    | Learned a level 5 spell: Summon Forest
 35995 | Spider:1 | Entered Level 1 of the Spider Nest
 38000 | Spider:2 | Noticed Arachne
 38021 | Spider:2 | Killed Arachne
 38897 | Spider:3 | Noticed Azrael
 38906 | Spider:3 | Noticed Asterion
 38911 | Spider:3 | Killed Azrael
 38911 | Spider:3 | Bound Azrael
 38927 | Spider:3 | Your ally Azrael died
 38927 | Spider:3 | Killed Asterion
 40222 | Spider:3 | Got the Precepts of the Ten Quests
 40235 | Spider:3 | Learned a level 2 spell: Sublimation of Blood
 40428 | Spider:4 | Entered Level 4 of the Spider Nest
 40459 | Spider:4 | Noticed jejorda2's ghost (adept CoBe)
 40479 | Spider:4 | Found a transporter.
 40494 | Spider:4 | Found a transporter.
 40526 | Spider:4 | Reached XP level 19. HP: 142/154 MP: 28/31
 40576 | Spider:4 | Reached skill level 15 in Fighting
 41280 | Spider:4 | Found the +3 pair of seven-league boots {Rampage+∞}
 41751 | Spider:4 | Paralysed by a jorogumo for 1 turns
 41978 | Spider:4 | Found a transporter.
 42041 | Spider:4 | Found a transporter.
 42560 | Spider:4 | Got a gossamer rune of Zot
 42896 | Spider:4 | Killed jejorda2's ghost
 42899 | Spider:4 | Identified the +0 hat of the Shoals {rElec}
 43189 | Spider:3 | Identified the +5 robe of Moral Flaws {rF- Will+ Str+3}
 43209 | Spider:3 | Learned a level 3 spell: Fugue of the Fallen
 43214 | Spider:3 | Learned a level 4 spell: Manifold Assault
 43454 | Vaults:1 | Entered Level 1 of the Vaults
 44682 | Vaults:1 | Reached skill level 10 in Dodging
 44710 | Vaults:1 | Identified the +2 robe "Xif Vayck" {rPois rC+}
 44952 | Vaults:1 | Found a white marble altar of Elyvilon.
 45416 | Vaults:2 | Found Mahuhazy's Assorted Antiques.
 45427 | Vaults:2 | Bought a scroll labelled BAUTHR QAOR CADGH for 25 gold
                  | pieces
 45427 | Vaults:2 | Acquired the +5 hat of Fortitude {Regen+ Dex+5 SInv Stlth-}
 45460 | Vaults:2 | Reached XP level 20. HP: 164/164 MP: 32/32
 45515 | Vaults:2 | Reached skill level 15 in Armour
 45560 | Vaults:2 | Noticed a Brimstone Fiend
 45569 | Vaults:2 | Reached skill level 10 in Invocations
 45781 | Vaults:2 | Found Nempub's Weapon Shop.
 45822 | Vaults:2 | Reached skill level 1 in Air Magic
 45963 | Vaults:2 | Reached skill level 16 in Fighting
 46279 | Vaults:2 | Found a portal to a secret trove of treasure.
 46918 | Vaults:2 | Found a staircase to the Crypt.
 47152 | Vaults:3 | Reached skill level 10 in Summonings
 47271 | Vaults:3 | Reached skill level 10 in Translocations
 47426 | Vaults:3 | Reached XP level 21. HP: 172/172 MP: 33/33
 48762 | Vaults:4 | Identified the +4 robe of Fisushr Judi {rElec Str-4 Stlth+}
 48762 | Vaults:4 | Noticed Boris
 48784 | Vaults:4 | Killed Boris
 49513 | Vaults:4 | Reached skill level 10 in Necromancy
 50740 | Elf:1    | Entered Level 1 of the Elven Halls
 51013 | Elf:1    | Reached skill level 17 in Fighting
 51463 | Elf:2    | Paralysed by an air elemental for 1 turns
 51467 | Elf:2    | Paralysed by an air elemental for 1 turns
 51563 | Elf:2    | Found a flickering gateway to a bazaar.
 51575 | Bazaar   | Entered a bazaar
 51582 | Bazaar   | Found Zynynka's Antique Armour Shop.
 51602 | Bazaar   | Found Meorhiel's Jewellery Shop.
 51638 | Bazaar   | Bought a scorched ring mail for 108 gold pieces
 51638 | Bazaar   | Identified the +3 ring mail of Infinity {^Contam rPois rF++
                  | Int+3} (You bought it in a shop in a bazaar)
 51938 | Elf:2    | Found a huge runed translucent gate.
 51938 | Elf:2    | Found a huge runed translucent gate.
 51938 | Elf:2    | Found a huge runed translucent gate.
 51938 | Elf:2    | Found a huge runed translucent gate.
 51939 | Elf:2    | Found a huge runed translucent gate.
 52875 | Elf:3    | Entered Level 3 of the Elven Halls
 52941 | Elf:3    | Reached XP level 22. HP: 173/182 MP: 30/34
 53100 | Elf:3    | Noticed Roxanne
 53249 | Elf:3    | Killed Roxanne
 53547 | Elf:3    | Found Fizuz's Weapon Emporium.
 55734 | Elf:3    | Identified the +0 long sword of Fate {speed, +Blink rF+
                  | Dex+2}
 56035 | Elf:3    | Reached skill level 18 in Fighting
 56065 | Elf:3    | Identified the +0 halberd of the Arena {freeze, Str+2}
 56076 | Elf:3    | Identified the +6 short sword of Gatujoz {vamp, Int+5}
 56356 | Elf:3    | Identified the +5 trident of the Sun {speed, rElec Will+}
 56596 | Elf:3    | Got the Exposition on Breath and Illusion
 56654 | Elf:3    | Identified the +11 orcbow "Tablef" {freeze, rElec rF-
                  | Int+6}
 56662 | Elf:3    | Identified the staff "Cufawiaw" {rN+ rCorr Necro}
 56668 | Elf:3    | Identified the staff of the Secret Nightmares {rF++ rC+
                  | Int+5 Ice}
 56682 | Elf:3    | Identified the +1 ring mail of Parsimonious Surprise {Str+3
                  | SInv}
 57000 | D:15     | Upgraded the game from 0.32-a0-705-g60f233581c to
                  | 0.32-a0-711-g016ad743e0
 57004 | Depths:1 | Entered Level 1 of the Depths
 57251 | Depths:1 | Found a gateway to Hell.
 57570 | Depths:1 | Identified the +1 ring mail of the Stallion {+Inv Regen+}
 57630 | Depths:1 | Found a bloodstained altar of Trog.
 58262 | Depths:1 | Found a runed translucent door.
 58262 | Depths:1 | Found a shimmering altar of Xom.
 58262 | Depths:1 | Noticed Kobesyp's ghost (veteran DsAl)
 58475 | Depths:1 | Killed Kobesyp's ghost
 58754 | Vaults:2 | You paid a toll of a +8 demon blade to enter a treasure
                  | trove
 58755 | Trove    | Entered a treasure trove
 58773 | Trove    | Identified the +1 hand axe "Pisoupn" {flame, Str+4}
 58775 | Trove    | Identified the +4 spear "Suugogur" {freeze, rC+}
 58776 | Trove    | Identified the +3 demon trident of Bipe {flame, Will+
                  | Stlth+}
 58857 | Trove    | Identified the amulet of Jaekooli {Harm rPois Will-
                  | RegenMP+}
 58858 | Trove    | Identified the amulet "Samahy" {Acrobat rPois rF- Str+5
                  | Int+4}
 58860 | Trove    | Identified the amulet "Ruedegud" {Spirit rCorr}
 59277 | Swamp:2  | Killed scarr's ghost
 59907 | Depths:2 | Identified the ring of Moodiness {Ice rElec rN+ SInv}
 59907 | Depths:2 | Noticed Josephina
 59914 | Depths:2 | Reached XP level 23. HP: 161/192 MP: 35/35
 59957 | Depths:2 | Killed Josephina
 60197 | Depths:2 | Found a one-way gate leading to the halls of Pandemonium.
 60309 | Depths:2 | Found a shimmering altar of Xom.
 61208 | Depths:3 | Found a one-way gate to the infinite horrors of the Abyss.
 61334 | Depths:3 | Noticed Margery
 61353 | Depths:3 | Killed Margery
 61353 | Depths:3 | Bound Margery
 61452 | Depths:3 | Found a one-way gateway to a ziggurat.
 62259 | Depths:3 | Reached skill level 19 in Fighting
 62264 | Depths:3 | Noticed a golden dragon
 62278 | Depths:3 | Killed a golden dragon
 62279 | Depths:3 | Noticed a juggernaut
 62300 | Depths:3 | Killed a juggernaut
 62355 | Depths:3 | Your ally Margery died
 62431 | Depths:3 | Noticed a caustic shrike
 62431 | Depths:3 | Noticed a caustic shrike
 62431 | Depths:3 | Noticed a caustic shrike
 63357 | Depths:3 | Identified the +3 rapier of Sudden Death {antimagic, rPois
                  | Will+ rCorr Int-4}
 63582 | Depths:3 | Noticed a juggernaut
 63593 | Depths:3 | Killed a juggernaut
 63681 | Depths:3 | HP: 6/194 [tengu reaver/bolt of poison (55)]
 63681 | Depths:3 | Killed from afar by a living spell

Illustrated notes

Levels and vault maps discovered:
D:1:      shiori_arrival_oz, layout_rooms, nrook_mini_vaults
D:2:      layout_basic, serial_undead, serial_undead_e, serial_undead_c,
          serial_undead_b, serial_undead_e, serial_undead_f, serial_undead_e,
          dreamdust_princess_corridor, kennysheep_generic_room_5, uniq_sigmund,
          uniq_crazy_yiuf_cottage
D:3:      layout_basic, dk_vineyard_1, fountainhead, uniq_terence
D:4:      layout_basic, mainiacjoe_overflow_boulevard, uniq_blork_the_orc,
          uniq_ijyb, uniq_natasha
D:5:      layout_cave_pools, grunt_temple_overflow_lords_of_destruction,
          minmay_misc_feat_rugged
D:6:      layout_basic, ebering_ghost_sewer_f
D:7:      layout_basic, minmay_temple_entry_mist, nicolae_ossuary_entry_ruins,
          uniq_pikel
D:8:      layout_basic, lemuel_mausoleum_altar_yredelemnul, enter_bailey_7
D:9:      layout_rooms, old_standard_altar
D:10:     layout_roguey, nemelex_altar_shiori
D:11:     layout_gridville, lair_entry_dummy, serial_shops,
          nicolae_shop_window_shopping, item_on_display_a, uniq_psyche
D:12:     layout_basic, orc_david_3
D:13:     layout_basic
D:14:     layout_loops_cross, david_vaults_4, chequers_arboretum, uniq_lodul
D:15:     hangedman_depths_entry_civil_slaughter, layout_gridville
Temple:   nicolae_temple_slightly_damp_pantheon
Lair:1:   layout_chaotic_city, st_stairs_12, uniq_harold
Lair:2:   layout_roguey, hellmonk_spider_entry_life_and_decay, uniq_gastronok
Lair:3:   layout_loops_ring, mainiacjoe_swamp_entry_angry_trees,
          serial_bayou_pond_a, kennysheep_snail_temple, uniq_urug, uniq_amaemon
Lair:4:   layout_hall_layers, hellmonk_talismancer, grunt_megastairs_1
Lair:5:   minmay_lair_end_enchanted_forest, layout_gridlike, slime_entry_1,
          uniq_nessos
Swamp:1:  layout_falls_marsh, hangedman_swamp_ruin_wall, uniq_frances,
          uniq_donald
Swamp:2:  layout_basic_swamp, gammafunk_ghost_wrathful_warriors,
          infiniplex_staircase_pool, uniq_jorgrun
Swamp:3:  bobbens_index_wilting_gardens, layout_basic_swamp,
          nicolae_swamp_bean_lake, uniq_aizul
Swamp:4:  swamp_old_school, layout_basic_swamp, nicolae_swamp_decorative_isthmus
Spider:1: layout_spider_delve
Spider:2: layout_spider_delve, hangedman_spider_tarantella_strand, uniq_arachne
Spider:3: layout_spider_delve, nicolae_orb_island, uniq_azrael, uniq_asterion
Spider:4: hellmonk_spider_rune_endless_swarm, gammafunk_ghost_berserking_beasts,
          guppyfry_spider_mini_3
Orc:1:    layout_caves, serial_shops, nicolae_shop_real_fake_doors,
          uniq_erolcha, uniq_nergalle
Orc:2:    st_orc_ogre_mass, layout_diamond_mine, portal_ice_cave_demonic_guard,
          serial_shops, nicolae_shop_bloodbath_and_beyond
Elf:1:    minmay_elf_arrival_plus, layout_rooms, guppyfry_library_mini,
          minmay_fountain_box
Elf:2:    elven_hall_of_blades_hangedman_alternative
          [infiniplex_blade_entry_pillars], layout_loops_cross, serial_shops,
          bzr_firewalk
Elf:3:    elf_hall, layout_geoelf_octagon, serial_shops, shop_statue,
          uniq_roxanne
Vaults:1: vaults_mumra_chevron, lemuel_angel_altar,
          nicolae_vaults_security_offices_3,
          nicolae_vaults_offset_grid_hallway_1, hangedman_vaults_cutoff,
          nicolae_vaults_twisting_passages, v_rooms_6, vaults_room_corners,
          nicolae_vaults_layer_cake_slice, ontoclasm_vaults_hangar, v_misc_28,
          nicolae_vaults_more_shelving_1, nicolae_vaults_trapezoid_layered,
          ontoclasm_vaults_fault, layout_vaults_maze
Vaults:2: v_misc_10, nicolae_vaults_shipping_containers_2, v_rooms_3,
          nicolae_vaults_circle_grid_b, nicolae_vaults_taking_the_gang_shopping,
          minmay_crypt_entry_skeletal_spiral, nicolae_vaults_border_crossing,
          nicolae_vaults_layer_cake_slice, hangedman_vaults_locks,
          nicolae_vaults_tetromino_Z_1, layout_vaults_big_room, serial_shops,
          shop, enter_trove_3
Vaults:3: nicolae_vaults_double_plus_2, vaults_room_grid,
          nicolae_vaults_turnstiles, v_rooms_1, nicolae_vaults_octothorpe,
          v_rooms_6, hangedman_vaults_capsules, nicolae_vaults_apartment_1,
          vaults_mumra_minichess, nicolae_vaults_mini_display_case,
          layout_vaults_omnigrid
Vaults:4: nicolae_vaults_tangram_1, nicolae_vaults_trapezoid_1,
          nicolae_vaults_triangles, vaults_dpeg_hooks, ontoclasm_vaults_chip,
          nicolae_vaults_sightless_eye, v_misc_2, ontoclasm_vaults_gateway,
          ontoclasm_vaults_decontamination, nicolae_vaults_alarming,
          layout_vaults_omnicross, uniq_boris
Depths:1: layout_honeycomb, pf_hell_entry_tar_river, ebering_ghost_xom,
          minmay_strange_pillars, st_stairs_5, evilmike_spriggan_trog_shrine
Depths:2: minmay_strange_plus, layout_honeycomb, hell_entry, pan_entry,
          old_standard_altar, uniq_josephina
Depths:3: grunt_runaround [grunt_runaround_loot, grunt_runaround_doors_1,
          grunt_runaround_doors_2, grunt_runaround_doors_3,
          grunt_runaround_doors_4], hell_entry, abyss_entry, uniq_margery

Skill      XL: |  1  2  3  4  5  6  7  8  9 10 11 12 13 14 15 16 17 18 19 20 21 22 23 |
---------------+----------------------------------------------------------------------+-----
Dodging        | 1 2 3 4 5 6 8 10 11 | 11.7
Armour         | 2 3 4 5 6 7 8 9 10 11 12 13 14 15 16 17 18 | 18.0
Fighting       | 2 3 5 7 8 9 10 11 13 14 15 16 17 18 19 | 19.2
Evocations     | 5 6 7 8 11 13 | 13.2
Polearms       | 2 5 6 9 11 12 13 14 | 14.0
Translocations | 3 5 6 7 8 10 | 10.9
Spellcasting   | 2 4 5 6 8 |  8.0
Invocations    | 3 4 6 7 8 9 10 11 | 11.4
Summonings     | 1 5 7 8 10 11 13 | 13.4
Necromancy     | 2 5 7 9 11 | 11.0
Air Magic      | 2 |  2.0
Stealth        | |  0.7

Action                     |  1- 3 |  4- 6 |  7- 9 | 10-12 | 13-15 | 16-18 | 19-21 | 22-24 || total
---------------------------+-------+-------+-------+-------+-------+-------+-------+-------++-------
  Melee: Club              |    36 |       |       |       |       |       |       |       ||    36
         Dagger            |   136 |    72 |       |       |       |       |       |       ||   208
         Short sword       |    82 |    82 |    91 |       |       |       |       |       ||   255
         Morningstar       |    16 |       |       |       |       |       |       |       ||    16
         Spear             |       |     4 |   336 |   109 |   849 |  1011 |   161 |       ||  2470
         Trident           |       |       |   325 |   786 |   887 |  1026 |  1027 |   975 ||  5026
         Demon trident     |       |       |       |       |       |    31 |  1237 |  1008 ||  2276
  Throw: Boomerang         |       |       |       |     8 |     6 |    15 |     7 |     3 ||    39
         Javelin           |       |       |       |       |       |     3 |       |       ||     3
         Dart              |       |       |       |       |       |       |       |    11 ||    11
   Cast: Martyr's Knell    |       |       |       |       |       |    15 |    11 |       ||    26
         Fugue of the Fall |       |       |       |       |       |       |     6 |       ||     6
         Summon Forest     |       |       |       |       |       |       |     6 |       ||     6
         Blink             |       |       |       |       |       |       |     2 |       ||     2
         Vhi's Electric Ch |       |       |       |       |       |       |     1 |       ||     1
         Manifold Assault  |       |       |       |       |       |       |     1 |     1 ||     2
 Invoke: Light the Black T |       |       |       |     4 |     9 |    10 |     7 |     3 ||    33
         Hurl Torchlight   |       |       |       |       |     2 |     6 |     4 |     1 ||    13
         Recall Undead Har |       |       |       |       |     2 |    10 |     7 |     2 ||    21
         Bind Soul         |       |       |       |       |     2 |     6 |     5 |     3 ||    16
         Fathomless Shackl |       |       |       |       |       |     3 |     1 |       ||     4
Ability: Invent Gizmo      |       |       |       |       |     1 |       |       |       ||     1
  Evoke: Wand              |     1 |     7 |    24 |    17 |    16 |    31 |    10 |     7 ||   113
         Condenser vane    |       |       |       |       |       |     1 |       |     2 ||     3
    Use: Scroll            |       |     6 |     4 |     8 |     7 |    21 |    11 |    12 ||    69
         Potion            |       |       |     1 |     3 |     3 |     8 |     5 |     4 ||    24
   Stab: Paralysed         |       |       |    17 |       |       |     2 |     4 |       ||    23
         Distracted        |       |       |       |     3 |    17 |    16 |    26 |    17 ||    79
 Armour: Ring mail         |    97 |       |       |       |       |   294 |   108 |       ||   499
         Leather armour    |     7 |       |       |       |       |       |       |       ||     7
         Chain mail        |     1 |    66 |   321 |   284 |   477 |   339 |   559 |   564 ||  2611
         Skin              |       |     6 |       |       |       |       |       |       ||     6
  Dodge: Dodged            |    82 |    33 |   147 |   125 |   252 |   371 |   418 |   281 ||  1709
         Repelled          |       |       |       |       |    16 |    45 |    52 |    52 ||   165

Table legend: (Time is in decaauts)
 A = Elapsed time spent in this place.
 B = Non-inter-level travel time spent in this place.
 C = Inter-level travel time spent in this place.
 D = Time resting spent in this place.
 E = Time spent auto-exploring this place.
 F = Levels seen in this place.
 G = Mean time per level.
                   A        B        C        D        E       F      G
               +--------+--------+--------+--------+--------+-----+--------+
         Total |  61873 |  55932 |   5941 |  18523 |  22655 |  46 | 1345.1 |
       Dungeon |  17910 |  15543 |   2367 |   3380 |   8297 |  15 | 1194.0 |
        Temple |     71 |      1 |     70 |      0 |      0 |   1 |   71.0 |
          Lair |   7999 |   6601 |   1398 |   1626 |   3543 |   5 | 1599.8 |
         Swamp |   6929 |   6307 |    622 |   3019 |   1744 |   4 | 1732.2 |
   Spider Nest |   6999 |   6706 |    293 |   2952 |   2171 |   4 | 1749.8 |
  Orcish Mines |   2236 |   1787 |    449 |    425 |    856 |   2 | 1118.0 |
   Elven Halls |   5848 |   5690 |    158 |   2879 |   1511 |   3 | 1949.3 |
        Vaults |   6496 |   6023 |    473 |   1345 |   2689 |   4 | 1624.0 |
        Depths |   5015 |   4906 |    109 |   1953 |   1457 |   3 | 1671.7 |
        Bazaar |     78 |     78 |      0 |      0 |      0 |   1 |   78.0 |
         Trove |    124 |    124 |      0 |      0 |     72 |   1 |  124.0 |
       Ossuary |    425 |    425 |      0 |     33 |    124 |   1 |  425.0 |
        Bailey |   1183 |   1183 |      0 |    704 |     13 |   1 | 1183.0 |
      Ice Cave |    554 |    554 |      0 |    206 |    176 |   1 |  554.0 |
               +--------+--------+--------+--------+--------+-----+--------+

Top non-repeatable levels by time:
   Elf:3: 3863 daAuts
 Swamp:3: 3052 daAuts
Spider:4: 2501 daAuts
Depths:3: 2319 daAuts
  Lair:3: 2260 daAuts
Vaults:1: 2096 daAuts
Spider:2: 2047 daAuts
  Lair:2: 1846 daAuts
    D:14: 1841 daAuts
Vaults:2: 1684 daAuts
   Orc:2: 1674 daAuts
 Swamp:4: 1553 daAuts
     D:4: 1519 daAuts
  Lair:5: 1478 daAuts
Vaults:3: 1465 daAuts
